 Dungeon Crawl Stone Soup version 0.31-a0-845-g9abc20d24f (webtiles) character file.

Game seed: 9561912870519693606

81966 pokeman the Sorcerer (level 15, -28/82 HPs)
             Began as a Deep Elf Hedge Wizard on Oct 2, 2023.
             Was a High Priest of Vehumet.
             Killed from afar by Jorgrun (37 damage)
             ... with an iron shot
             ... on level 14 of the Dungeon.
             The game lasted 01:00:31 (24231 turns).

pokeman the Sorcerer (Deep Elf Hedge Wizard)       Turns: 24231, Time: 01:00:32

Health: -28/82     AC: 13    Str: 13    XL:     15   Next: 28%
Magic:  6/42       EV: 10    Int: 33    God:    Vehumet [*****.]
Gold:   973        SH:  0    Dex: 17    Spells: 31/57 levels left

rFire   . . .        p - +5 spear "Oliutau" {heavy, rC- rCorr Str+3 Int+3 Dex+3}
rCold   x . .        (no shield)
rNeg    + . .        D - +3 leather armour {rN+}
rPois   +            L - +2 hat {SInv}
rElec   .            y - scarf of Omission {repulsion, Str+3 Int+3}
rCorr   +            c - +0 pair of gloves
SInv    +            R - +2 pair of boots
Will    +....        N - amulet of magic regeneration
Stlth   ++           U - ring of wizardry
HPRegen 0.33/turn    v - ring of poison resistance
MPRegen 0.68/turn

%: repel missiles, wizardry (x1)
@: grasped by roots, on blink cooldown, constricted, studying 2 skills
A: no striking features
a: Renounce Religion


You were on level 14 of the Dungeon.
You worshipped Vehumet.
Vehumet was extremely pleased with you.
You visited 4 branches of the dungeon, and saw 22 of its levels.

You collected 3259 gold pieces.
You spent 2286 gold pieces at shops.

Inventory:

Hand Weapons
 p - the +5 spear "Oliutau" (weapon) {heavy, rC- rCorr Str+3 Int+3 Dex+3}
   (You found it on level 3 of the Dungeon)

   Str+3:     It affects your strength (+3).
   Int+3:     It affects your intelligence (+3).
   Dex+3:     It affects your dexterity (+3).
   rC-:       It makes you vulnerable to cold.
   rCorr:     It protects you from acid and corrosion.
Missiles
 q - 14 curare-tipped darts
Armour
 c - a +0 pair of gloves (worn)
 i - a +0 buckler
 y - the scarf of Omission (worn) {repulsion, Str+3 Int+3}
   (You acquired it on level 2 of the Orcish Mines)

   Str+3:     It affects your strength (+3).
   Int+3:     It affects your intelligence (+3).
 D - a +3 leather armour of positive energy (worn)
 G - a +2 robe of cold resistance
 L - a +2 hat of see invisible (worn)
 R - a +2 pair of boots (worn)
Magical Staves
 b - a staff of poison
 M - the staff "Ycluwk" {rC+ Int+2 Ice}
   (You found it on level 11 of the Dungeon)

   [staff of cold]

   Base accuracy: +5 Base damage: 5 Base attack delay: 1.2 This weapon's minimum
   attack delay (0.6) is reached at skill level 12.
   Int+2:     It affects your intelligence (+2).
   rC+:       It protects you from cold.
   Ice:       It increases the power of your Ice spells.
   It falls into the 'Staves' category.
   It is a one-handed weapon.
Jewellery
 m - the brooch of Shielding {Spirit SH+8}
   (You found it on level 4 of the Lair of Beasts)

   [amulet of guardian spirit]

   Spirit:    It causes incoming damage to be divided between your reserves of
   health and magic.
   SH+8:      It affects your SH (+8).
 o - a ring of resist corrosion
 v - a ring of poison resistance (right hand)
 N - an amulet of magic regeneration (around neck)
 O - a ring of protection from fire
 U - a ring of wizardry (left hand)
 Z - a ring of flight
Wands
 n - a wand of digging (8)
 F - a wand of roots (11)
 J - a wand of acid (7)
 X - a wand of paralysis (5)
Scrolls
 g - 11 scrolls of teleportation
 k - a scroll of enchant armour
 t - 2 scrolls of revelation
 w - 3 scrolls of blinking
 x - 2 scrolls of noise
 z - 2 scrolls of vulnerability
 A - a scroll of fear
 S - 2 scrolls of torment {unknown}
Potions
 d - 2 potions of magic
 e - 2 potions of haste
 f - 3 potions of mutation
 h - 15 potions of curing
 j - a potion of invisibility {unknown}
 l - 2 potions of attraction {unknown}
 r - 2 potions of berserk rage {unknown}
 s - 4 potions of enlightenment {unknown}
 u - 4 potions of might {unknown}
 B - 4 potions of degeneration {unknown}
 C - 3 potions of brilliance {unknown}
 P - 2 potions of ambrosia {unknown}
 T - 2 potions of heal wounds {unknown}
 V - 3 potions of lignification {unknown}


   Skills:
 - Level 5.0 Fighting
 - Level 7.0 Armour
 - Level 3.1 Dodging
 - Level 3.2 Stealth
 + Level 5.0 Shields
 * Level 21.7 Spellcasting
 + Level 13.7 Conjurations
 - Level 1.1 Summonings
 - Level 3.0 Necromancy
 - Level 1.1 Translocations
 + Level 12.5 Fire Magic
 - Level 1.0 Ice Magic
 - Level 1.2 Air Magic
 - Level 7.0 Earth Magic
 - Level 1.2 Poison Magic
 - Level 1.2 Evocations


You had 31 spell levels left.
You knew the following spells:

 Your Spells              Type           Power      Damage    Failure   Level
a - Magic Dart            Conj           100%       1d8       0%          1
b - Mephitic Cloud        Conj/Pois/Air  64%        N/A       1%          3
c - Call Imp              Summ           86%        N/A       1%          2
d - Blink                 Tloc           86%        N/A       1%          2
e - Foxfire               Conj/Fire      100%       2x1d9     0%          1
f - Stone Arrow           Conj/Erth      100%       3d13      1%          3
g - Starburst             Conj/Fire      44%        6d12      1%          6
h - Swiftness             Air            43%        N/A       1%          3
i - Freezing Cloud        Conj/Ice/Air   31%        6-21      1%          5

Your spell library contained the following spells:

 Spells                   Type           Power      Damage    Failure   Level
 Iskenderun's Battlesphe  Conj           90%        2d14      1%          5
 Apportation              Tloc           86%        N/A       1%          1
 Necrotise                Necr           100%       1d9       1%          1
 Sandblast                Erth           100%       2d20      1%          1
 Slow                     Hex            100%       N/A       1%          1
 Summon Small Mammal      Summ           100%       N/A       1%          1
 Cigotuvi's Dreadful Rot  Necr/Pois/Air  96%        N/A       1%          2
 Ensorcelled Hibernation  Hex/Ice        78%        N/A       1%          2
 Passwall                 Tmut/Erth      46%        N/A       1%          2
 Dazzling Flash           Conj/Hex       100%       N/A       1%          3
 Volatile Blastmotes      Fire/Tloc      100%       2d18      1%          3
 Animate Dead             Necr           54%        N/A       1%          4
 Brom's Barrelling Bould  Conj/Erth      81%        2d9       1%          4
 Fulminant Prism          Conj/Hex       34%        3d16      1%          4
 Iskenderun's Mystic Bla  Conj/Tloc      71%        2d14      1%          4
 Agony                    Necr           54%        N/A       3%          5
 Silence                  Hex/Air        19%        N/A       9%          5
 Haunt                    Necr/Summ      24%        N/A       80%         7
 Maxwell's Capacitive Co  Air            21%        ∞         96%         8
 Infestation              Necr           27%        N/A       99%         8


Dungeon Overview and Level Annotations

Branches:
Dungeon (14/15)            Temple (1/1) D:4            Lair (5/5) D:11
  Swamp (0/4) Lair:3        Snake (0/4) Lair:3        Slime (0/5) Lair:4
    Orc (2/2) D:11            Elf (0/3) Orc:2        Vaults (0/5) D:13

Altars:
Ashenzari
Cheibriados
Dithmenos
Elyvilon
Fedhas
Gozag
Hepliaklqana
Kikubaaqudgha
Makhleb
Nemelex Xobeh
Okawaru
Qazlal
Ru
Sif Muna
Trog
Uskayaw
Vehumet
Wu Jian
Xom
Yredelemnul
Zin
The Shining One
Jiyva

Shops:
D:9 =   Orc:1 :   Orc:2 [?**

Portals:
Trove: D:11 (give +5 ice dragon scales)

Annotations:
D:7 2 transporters, 1 runed translucent door, tinfoiltophat's ghost, novice DjFE
D:14 Jorgrun
Lair:2 3 runed translucent doors


Message History

Aiming: Fastroot
Press: ? - help, Shift-Dir - straight line, f/p - Jorgrun
Aim: Jorgrun, wielding a +0 heavy quarterstaff and wearing a +0 robe of resistance (heavily wounded)
The roots erupt in riotous growth!
Roots grab Jorgrun.
The grasping roots constrict Jorgrun.
Jorgrun struggles to escape constriction.
Unknown command.
Aiming: Corrosive Bolt
Press: ? - help, Shift-Dir - straight line, f/p - Jorgrun
Aim: Jorgrun, wielding a +0 heavy quarterstaff and wearing a +0 robe of resistance (heavily wounded, constricted by roots, 98% to hit)
The bolt of acid hits Jorgrun!
The acid corrodes Jorgrun!
Jorgrun is severely wounded.
The grasping roots constrict Jorgrun.
The roots release their grip on Jorgrun.
Jorgrun gestures at you while chanting.
Roots burst forth from the earth!
The grasping roots grab you! The grasping roots constrict you!
* * * LOW HITPOINT WARNING * * *
Casting: Blink (safe; 1% risk of failure)
Confirm with . or Enter, or press ? or * to list all spells.
You don't know that spell.
Unknown command.
Unknown command.
Casting: Blink (safe; 1% risk of failure)
Confirm with . or Enter, or press ? or * to list all spells.
The roots grasp on you weakens, but your attempt to escape fails.
The grasping roots constrict you.
* * * LOW HITPOINT WARNING * * *
Unknown command.
Casting: Blink (safe; 1% risk of failure)
Confirm with . or Enter, or press ? or * to list all spells.
Casting: Starburst (mildly dangerous; 1% risk of failure)
Press: ? - help, Dir - look around, f - activate The bolt of fire hits Jorgrun!!
Jorgrun resists.
Jorgrun is almost dead.
Jorgrun gestures at you while chanting. The iron shot hits you!!!
You die...

...............##
................##
.†.........# #...##
..........## #...##
..........# #....##
..........## ##.....##
....#......###.......##
...###................##
....#.......g...@......##
..................(.....##
.........................##
..........................#
..........................#
..........................#
..........................#
.......................#
............###......[#


You could see Jorgrun (corroded).

Vanquished Creatures
  Agnes (D:14)
  An ironbound preserver (D:13)
  Nessos (Orc:2)
  2 hydras
  4 catoblepae
  6 two-headed ogres
  Erica (D:8)
  3 centaur warriors
  4 boulder beetles
  An ogre mage (Orc:2)
  20 death yaks
  2 orc high priests (Orc:2)
  Sonja (Lair:1)
  A skyshark (Lair:5)
  A flayed ghost (D:11)
  A glowing orange brain (D:13)
  5 orc sorcerers (Orc:2)
  4 oklob plants
  5 cyclopes
  A wolf spider (Lair:2)
  4 manticores
  3 ugly things (D:14)
  6 elephants (Lair:4)
  4 black mambas
  A black mamba (shapeshifter) (D:14)
  14 cane toads
  2 unseen horrors (D:8)
  A gargoyle (D:14)
  A kobold demonologist (D:12)
  A yaktaur (shapeshifter) (D:13)
  4 rime drakes
  12 komodo dragons
  4 trolls
  A tyrant leech (Lair:3)
  A polar bear (Lair:1)
  A tarantella (Lair:2)
  22 blink frogs
  4 dream sheep (Lair:4)
  A jumping spider (Lair:2)
  A slime creature (D:14)
  3 shadows (D:11)
  4 vampires
  3 wyverns
  3 wraiths (D:11)
  4 basilisks
  52 yaks
  A fire bat (D:11)
  Grum (Lair:1)
  6 vampire mosquitoes
  A warg (Orc:1)
  3 nagas (Lair:3)
  15 water moccasins
  2 ice beasts
  22 orc warriors
  3 sky beasts
  5 black bears
  A boggart (D:14)
  18 ogres
  18 wolves
  7 centaurs
  A kobold brigand (D:6)
  18 bullfrogs
  A gnoll sergeant (D:8)
  4 scorpions
  4 wights (D:7)
  12 killer bees
  6 electric eels (D:12)
  3 howler monkeys
  A hound (D:5)
  Crazy Yiuf (D:5)
  3 jellies
  23 orc priests
  2 gnoll boudas
  2 sleepcaps
  3 iguanas
  30 orc wizards
  6 hell rats (Lair:1)
  The ghost of Bravepunisher the Ducker, a weakling SpMo (D:6)
  An adder (D:4)
  13 gnolls
  A shadow imp (D:7)
  2 ufetubi
  A worm (D:4)
  2 dart slugs
  55 orcs
  5 ball pythons
  5 endoplasms
  5 giant cockroaches
  7 goblins
  11 hobgoblins
  5 jackals (D:4)
  9 kobolds
  3 quokkas
  15 bats
  5 frilled lizards
  5 rats
596 creatures vanquished.

Vanquished Creatures (others)
  371 foxfires
371 creatures vanquished.

Grand Total: 967 creatures vanquished

Notes
Turn   | Place    | Note
-------+----------+-------------------------------------------
     0 | D:1      | pokeman the Deep Elf Hedge Wizard began the quest for the
                  | Orb.
     0 | D:1      | Reached XP level 1. HP: 10/10 MP: 7/7
   254 | D:1      | Reached XP level 2. HP: 16/16 MP: 4/9
  1025 | D:2      | Reached skill level 5 in Spellcasting
  1138 | D:2      | Reached XP level 3. HP: 16/20 MP: 0/11
  1142 | D:2      | Learned a level 3 spell: Mephitic Cloud
  1145 | D:2      | Learned a level 2 spell: Call Imp
  1148 | D:2      | Learned a level 2 spell: Blink
  1570 | D:2      | Found a faded altar of an unknown god.
  1859 | D:3      | Reached skill level 1 in Fighting
  1952 | D:3      | Identified the +5 spear "Oliutau" {heavy, rC- rCorr Str+3
                  | Int+3 Dex+3}
  1972 | D:3      | Reached skill level 1 in Armour
  2258 | D:3      | Reached XP level 4. HP: 20/25 MP: 2/13
  2863 | D:4      | Noticed a scorpion
  2868 | D:4      | Killed a scorpion
  2869 | D:4      | Reached skill level 6 in Spellcasting
  2869 | D:4      | Reached XP level 5. HP: 29/29 MP: 9/15
  3295 | D:4      | Found a staircase to the Ecumenical Temple.
  3304 | Temple   | Entered the Ecumenical Temple
  3310 | Temple   | Became a worshipper of Vehumet
  3846 | D:5      | Entered Level 5 of the Dungeon
  3876 | D:5      | Found a hide-covered altar of Uskayaw.
  3929 | D:5      | Learned a level 3 spell: Stone Arrow
  3997 | D:5      | Noticed an ice beast
  4002 | D:5      | Killed an ice beast
  4003 | D:5      | Reached skill level 1 in Air Magic
  4003 | D:5      | Reached skill level 1 in Poison Magic
  4003 | D:5      | Reached skill level 1 in Evocations
  4003 | D:5      | Reached XP level 6. HP: 14/34 MP: 1/17
  4147 | D:5      | Reached skill level 7 in Spellcasting
  4147 | D:5      | Reached skill level 1 in Earth Magic
  4306 | D:5      | Reached XP level 7. HP: 34/39 MP: 4/20
  4313 | D:5      | Reached skill level 8 in Spellcasting
  4534 | D:5      | Learned a level 6 spell: Starburst
  4822 | D:5      | Found a runed translucent door.
  4823 | D:5      | Noticed Crazy Yiuf
  4829 | D:5      | Killed Crazy Yiuf
  5063 | D:6      | Found a runed translucent door.
  5063 | D:6      | Noticed Bravepunisher's ghost (weakling SpMo)
  5086 | D:6      | Killed Bravepunisher's ghost
  5086 | D:6      | Reached * piety under Vehumet
  5086 | D:6      | Offered knowledge of Foxfire by Vehumet.
  5091 | D:6      | Reached skill level 1 in Fire Magic
  5110 | D:6      | Reached XP level 8. HP: 36/44 MP: 0/22
  5339 | D:6      | Learned a level 1 spell: Foxfire
  5433 | D:6      | Found a glowing silver altar of Zin.
  5555 | D:6      | Reached skill level 9 in Spellcasting
  5856 | D:6      | Reached skill level 5 in Conjurations
  6286 | D:7      | Found a transporter.
  6400 | D:7      | Found a broken altar of Ashenzari.
  6558 | D:7      | Reached skill level 10 in Spellcasting
  6807 | D:7      | Found a transporter.
  6866 | D:7      | Reached XP level 9. HP: 48/48 MP: 21/25
  7118 | D:7      | Found a runed translucent door.
  7123 | D:7      | Noticed tinfoiltophat's ghost (novice DjFE)
  7124 | D:7      | Noticed a five-headed hydra
  7500 | D:8      | Noticed Erica
  7697 | D:8      | Killed an unseen horror
  7698 | D:8      | Reached skill level 11 in Spellcasting
  7711 | D:8      | Reached skill level 5 in Earth Magic
  7921 | D:8      | Offered knowledge of Searing Ray by Vehumet.
  7925 | D:8      | Reached ** piety under Vehumet
  8127 | D:8      | Noticed an unseen horror
  8141 | D:8      | Killed an unseen horror
  8244 | D:8      | Killed Erica
  8245 | D:8      | Reached skill level 12 in Spellcasting
  8245 | D:8      | Reached skill level 5 in Fire Magic
  8245 | D:8      | Reached XP level 10. HP: 52/56 MP: 16/28
  8645 | D:9      | Found Hoesefim's Jewellery Shop.
  8777 | D:9      | You fall into a shaft and drop 2 floors!
  8777 | D:11     | Found a portal to a secret trove of treasure.
  8873 | D:11     | Noticed a death yak
  8873 | D:11     | Noticed a death yak
  8893 | D:11     | Noticed a two-headed ogre
  8902 | D:11     | Killed a two-headed ogre
  8948 | D:11     | Found a staircase to the Orcish Mines.
  8956 | D:10     | Entered Level 10 of the Dungeon
  8986 | D:10     | Noticed a two-headed ogre
  9011 | D:10     | Identified the +7 long sword of Uqet {flame, *Slow Dex+4}
  9510 | D:9      | Reached skill level 13 in Spellcasting
  9881 | D:10     | Killed a two-headed ogre
 10436 | D:10     | Reached XP level 11. HP: 53/61 MP: 20/30
 10599 | D:10     | Found an ancient bone altar of Kikubaaqudgha.
 10603 | D:10     | Found a basalt altar of Yredelemnul.
 10606 | D:10     | Found an iron altar of Okawaru.
 10703 | D:10     | Offered knowledge of Poisonous Vapours by Vehumet.
 10868 | D:11     | Noticed a two-headed ogre
 10868 | D:11     | Noticed a boulder beetle
 10884 | D:11     | Killed a two-headed ogre
 10886 | D:11     | Killed a boulder beetle
 10887 | D:11     | Reached skill level 14 in Spellcasting
 10963 | D:11     | Noticed a two-headed ogre
 10969 | D:11     | Killed a two-headed ogre
 10988 | D:11     | Reached skill level 1 in Shields
 11225 | D:11     | Killed a death yak
 11314 | D:11     | Noticed a death yak
 11334 | D:11     | Killed a death yak
 11373 | D:11     | Reached *** piety under Vehumet
 11486 | D:11     | Reached skill level 15 in Spellcasting
 11505 | D:11     | Killed a death yak
 11652 | D:11     | Found a staircase to the Lair.
 11799 | D:11     | Found a runed translucent door.
 11855 | D:11     | Found a burning altar of Makhleb.
 11869 | D:11     | Found a shimmering altar of Xom.
 11885 | D:11     | Found a stormy altar of Qazlal.
 11893 | D:11     | Found a shimmering altar of Xom.
 11919 | D:11     | Offered knowledge of Inner Flame by Vehumet.
 12014 | D:11     | Found a snail-covered altar of Cheibriados.
 12027 | D:11     | Found a glowing golden altar of the Shining One.
 12349 | D:11     | Noticed a flayed ghost
 12355 | D:11     | Killed a flayed ghost
 12363 | D:11     | Identified the staff "Ycluwk" {rC+ Int+2 Ice}
 12434 | D:12     | Noticed a boulder beetle
 12458 | D:11     | Killed a boulder beetle
 12459 | D:11     | Reached skill level 1 in Ice Magic
 12459 | D:11     | Reached XP level 12. HP: 54/66 MP: 3/33
 12786 | D:12     | Reached **** piety under Vehumet
 12985 | D:12     | Offered knowledge of Hailstorm by Vehumet.
 12986 | D:12     | Reached skill level 16 in Spellcasting
 13222 | D:12     | Noticed a centaur warrior
 13250 | D:12     | Killed a centaur warrior
 13326 | D:12     | Noticed a boulder beetle
 13330 | D:12     | Killed a boulder beetle
 13715 | D:13     | Found a shimmering altar of Xom.
 13884 | D:13     | Noticed an ironbound preserver
 13894 | D:13     | Killed an ironbound preserver
 13895 | D:13     | Reached skill level 10 in Conjurations
 13940 | D:13     | Found a gate to the Vaults.
 14014 | D:13     | Noticed a centaur warrior
 14023 | D:13     | Killed a centaur warrior
 14024 | D:13     | Reached skill level 17 in Spellcasting
 14199 | D:13     | Noticed a two-headed ogre
 14203 | D:13     | Killed a two-headed ogre
 14293 | D:13     | Noticed a catoblepas
 14309 | D:13     | Killed a catoblepas
 14739 | D:14     | Noticed a two-headed ogre
 14758 | D:14     | Killed a two-headed ogre
 14762 | D:14     | Noticed Agnes
 14767 | D:14     | Noticed a centaur warrior
 14875 | Lair:1   | Entered Level 1 of the Lair of Beasts
 14931 | Lair:1   | Noticed Sonja
 15083 | Lair:1   | Reached skill level 5 in Fighting
 15136 | Lair:1   | Reached XP level 13. HP: 72/72 MP: 27/36
 15568 | Lair:1   | Reached skill level 18 in Spellcasting
 15659 | Lair:1   | Noticed Grum
 15663 | Lair:1   | Killed Grum
 15781 | Lair:1   | Killed Sonja
 15974 | Lair:1   | Reached skill level 10 in Fire Magic
 16054 | Lair:1   | Learned a level 3 spell: Swiftness
 16152 | Lair:2   | Reached ***** piety under Vehumet
 16152 | Lair:2   | Offered knowledge of Flame Wave by Vehumet.
 16237 | Lair:2   | Found a runed translucent door.
 16401 | Lair:2   | Reached skill level 1 in Necromancy
 16424 | Lair:2   | Reached skill level 5 in Armour
 17087 | Lair:2   | Found a runed translucent gate.
 17087 | Lair:2   | Found a runed translucent gate.
 17087 | Lair:2   | Found a runed translucent gate.
 17087 | Lair:2   | Found a runed translucent gate.
 17088 | Lair:2   | Found a runed translucent gate.
 17090 | Lair:2   | Found a runed translucent gate.
 17944 | Lair:3   | Reached skill level 19 in Spellcasting
 17986 | Lair:3   | Found a staircase to the Swamp.
 18038 | Lair:3   | Found a staircase to the Snake Pit.
 18378 | Lair:3   | Offered knowledge of Conjure Ball Lightning by Vehumet.
 18901 | Lair:4   | Reached XP level 14. HP: 78/78 MP: 26/39
 18972 | Lair:4   | Found a staircase to the Slime Pits.
 18980 | Lair:4   | Found a viscous altar of Jiyva.
 19447 | Lair:4   | Found the brooch of Shielding {Spirit SH+8}
 19884 | Lair:5   | Entered Level 5 of the Lair of Beasts
 19891 | Lair:5   | Reached skill level 20 in Spellcasting
 20110 | Lair:5   | Found a bloodstained altar of Trog.
 21274 | Lair:5   | Reached skill level 21 in Spellcasting
 21703 | Orc:1    | Entered Level 1 of the Orcish Mines
 21799 | Orc:1    | Offered knowledge of Freezing Cloud by Vehumet.
 21811 | Orc:1    | Learned a level 5 spell: Freezing Cloud
 21838 | Orc:1    | Found Guxaydin's Self-Improvement Boutique.
 22500 | Orc:1    | Bought a manual of Conjurations for 1200 gold pieces
 22520 | Orc:2    | Entered Level 2 of the Orcish Mines
 22520 | Orc:2    | Found a staircase to the Elven Halls.
 22535 | Orc:2    | Noticed Nessos
 22540 | Orc:2    | Killed Nessos
 22644 | Orc:2    | Reached XP level 15. HP: 82/82 MP: 29/42
 22807 | Orc:2    | Paralysed by an orc sorcerer for 2 turns
 22879 | Orc:2    | Found Vuhofrap's General Store.
 22879 | Orc:2    | Found Kip Heez's General Store.
 22899 | Orc:2    | Found Ozoa's Magic Scroll Shoppe.
 22899 | Orc:2    | Found Herghiso's Armour Shoppe.
 22925 | Orc:2    | Bought a scroll of identify for 32 gold pieces
 23768 | Orc:2    | Bought a scroll of teleportation for 51 gold pieces
 23768 | Orc:2    | Bought a scroll of acquirement for 884 gold pieces
 23768 | Orc:2    | Bought a scroll of identify for 34 gold pieces
 23768 | Orc:2    | Bought a scroll of teleportation for 51 gold pieces
 23768 | Orc:2    | Bought a scroll of identify for 34 gold pieces
 23772 | Orc:2    | Acquired the scarf of Omission {repulsion, Str+3 Int+3}
 23787 | Orc:2    | Acquired 742 gold pieces
 23912 | D:14     | Killed Agnes
 24193 | D:14     | Noticed Jorgrun
 24195 | D:14     | Reached skill level 5 in Shields
 24210 | D:14     | Offered knowledge of Iskenderun's Battlesphere by Vehumet.
 24231 | D:14     | Killed from afar by Jorgrun

Illustrated notes

Levels and vault maps discovered:
D:1:      shiori_arrival_maze, layout_basic
D:2:      layout_rooms, ebering_ecumenical_altar_hall
D:3:      layout_loops_ring, kennysheep_path_1, chequers_mini_garden
D:4:      layout_loops_ring, lemuel_temple_firewalk_b
D:5:      layout_loops_ring, general_overflow_altar, hex_medium,
          uniq_crazy_yiuf_cottage
D:6:      layout_basic, lemuel_tele_altar, hellmonk_ghost_happy_afterlife,
          grunt_ministairs_15
D:7:      gammafunk_cloud_chamber, layout_gridville, nicolae_ashenzari_skybound,
          ebering_ghost_inner_flame
D:8:      layout_rooms, uniq_erica
D:9:      layout_cave_pools, serial_co_window_serial, co_window_paths_a,
          co_window_paths_b, co_window_corner_a, co_window_of_opportunity_a,
          co_window_cross_1, co_window_broadway_b, co_window_unsneaky_path_b,
          co_window_of_opportunity_b, co_window_2corner, co_window_cross_4,
          co_window_broadway_c, co_window_broadway_a, co_window_paths_d,
          glass_columns_c, glass_columns_a, serial_shops, shop,
          minmay_misc_feat_square
D:10:     layout_irregular_city, minitemple, minmay_misc_feat_tower,
          nzn_life_drinkers
D:11:     due_megacathedral, layout_basic, dpeg_lair_monsters,
          nicolae_trove_entry_columns
D:12:     kennysheep_blocky_room, layout_basic
D:13:     layout_gridville, hellmonk_vaults_order_and_chaos, xom_teletrap_fun
D:14:     layout_big_octagon, serial_shops, shop, nicolae_the_louvre,
          onia_ninara_cookie, uniq_jorgrun, uniq_agnes
Temple:   nicolae_temple_bog_church
Lair:1:   layout_roguey, uniq_sonja, uniq_grum
Lair:2:   gammafunk_indiana_jones, layout_regular_city, serial_bayou_shore_b,
          lemuel_fruit_fields
Lair:3:   layout_cave_pods, minmay_swamp_entry_worms,
          guppyfry_snake_entry_garden
Lair:4:   layout_misc_corridors, slime_entry_1, st_stairs_8,
          chequers_serial_rivers_large_a
Lair:5:   evilmike_catoblepas_cave, layout_small_grid, lemuel_oklob_altar,
          grunt_megastairs_3
Orc:1:    minmay_goldmine, layout_diamond_mine, nicolae_shop_self_help
Orc:2:    st_orc_mages, layout_caves, mines4_lemuel, uniq_nessos

Skill      XL: |  1  2  3  4  5  6  7  8  9 10 11 12 13 14 15 |
---------------+----------------------------------------------+-----
Spellcasting   | 5 6 7 8 10 12 13 15 17 19 21 | 21.7
Fighting       | 1 2 3 4 5 |  5.0
Armour         | 1 2 3 4 5 7 |  7.0
Conjurations   | 2 3 4 5 6 7 9 10 11 13 | 13.7
Dodging        | 3 |  3.1
Stealth        | 3 |  3.2
Air Magic      | 1 |  1.2
Poison Magic   | 1 |  1.2
Evocations     | 1 |  1.2
Earth Magic    | 1 2 4 5 6 7 |  7.0
Fire Magic     | 1 3 5 6 8 9 10 12 | 12.5
Shields        | 3 4 5 |  5.0
Ice Magic      | 1 |  1.0
Necromancy     | 3 |  3.0
Summonings     | |  1.1
Translocations | |  1.1

Action                     |  1- 3 |  4- 6 |  7- 9 | 10-12 | 13-15 || total
---------------------------+-------+-------+-------+-------+-------++-------
  Melee: Dagger            |    17 |       |       |       |       ||    17
         Spear             |     1 |    11 |    25 |    66 |    60 ||   163
         Punch             |       |       |       |       |     3 ||     3
   Cast: Magic Dart        |   107 |    78 |    10 |    21 |    14 ||   230
         Mephitic Cloud    |     1 |     2 |     8 |    28 |     8 ||    47
         Stone Arrow       |       |     8 |    50 |   103 |    25 ||   186
         Foxfire           |       |       |   134 |    76 |     8 ||   218
         Starburst         |       |       |       |    66 |   333 ||   399
         Call Imp          |       |       |       |     1 |     1 ||     2
         Blink             |       |       |       |     1 |     2 ||     3
  Evoke: Wand              |       |       |       |     4 |     5 ||     9
    Use: Scroll            |       |       |       |       |    18 ||    18
   Stab: Sleeping          |     1 |       |       |       |       ||     1
         Confused          |       |       |     1 |     9 |       ||    10
 Armour: Robe              |    10 |    13 |    44 |       |       ||    67
         Leather armour    |       |       |     2 |    89 |   136 ||   227
  Dodge: Dodged            |     9 |    12 |    41 |    78 |   100 ||   240

Table legend: (Time is in decaauts)
 A = Elapsed time spent in this place.
 B = Non-inter-level travel time spent in this place.
 C = Inter-level travel time spent in this place.
 D = Time resting spent in this place.
 E = Time spent auto-exploring this place.
 F = Levels seen in this place.
 G = Mean time per level.
                   A        B        C        D        E       F      G
               +--------+--------+--------+--------+--------+-----+--------+
         Total |  24422 |  22582 |   1840 |   1415 |  17746 |  22 | 1110.1 |
       Dungeon |  15787 |  14538 |   1249 |    951 |  11525 |  14 | 1127.6 |
        Temple |     66 |     43 |     23 |      0 |      0 |   1 |   66.0 |
          Lair |   6410 |   6032 |    378 |    434 |   4757 |   5 | 1282.0 |
  Orcish Mines |   2157 |   1968 |    189 |     30 |   1464 |   2 | 1078.5 |
               +--------+--------+--------+--------+--------+-----+--------+

Top non-repeatable levels by time:
    D:11: 2121 daAuts
     D:7: 1685 daAuts
  Lair:5: 1565 daAuts
  Lair:2: 1364 daAuts
   Orc:2: 1308 daAuts
     D:4: 1263 daAuts
  Lair:1: 1256 daAuts
     D:6: 1252 daAuts
  Lair:4: 1185 daAuts
    D:12: 1172 daAuts
     D:5: 1157 daAuts
     D:9: 1112 daAuts
    D:13: 1080 daAuts
    D:10: 1071 daAuts
     D:3: 1040 daAuts
